 Dungeon Crawl Stone Soup version 0.24-a0-762-gca426f56c8 (webtiles) character file.

Game seed: 5478732705434465448, levelgen mode: deterministic

67 Arixos the Scratcher (level 3, -11/15 HPs)
             Began as a Felid Transmuter on Oct 2, 2019.
             Killed by divine providence
             ... invoked by an orc priest
              (14 damage)
             ... on level 3 of the Dungeon.
             The game lasted 00:08:52 (2736 turns).

Arixos the Scratcher (Felid Transmuter)             Turns: 2736, Time: 00:08:53

Health: -11/15     AC:  1    Str:  7    XL:     3   Next: 98%
Magic:  3/7        EV: 18    Int: 14    God:
Gold:   152        SH:  0    Dex: 16    Spells: 2/6 levels left
                                        Lives:  0   Deaths: 0

rFire    . . .     SeeInvis +     - Unarmed
rCold    . . .     Gourm    .   (shield unavailable)
rNeg     . . .     Faith    .   (armour unavailable)
rPois    .         Spirit   .   (helmet unavailable)
rElec    .         Reflect  .   (cloak unavailable)
rCorr    .         Harm     .   (gloves unavailable)
MR       .....                  (boots unavailable)
Stlth    ++........             (no amulet)
HPRegen  0.05/turn              (no ring)
MPRegen  0.10/turn              (no ring)

@: very slightly contaminated, quick
A: very small, no armour, no weapons or thrown items, stealth, claws 1, fangs 3,
see invisible, carnivore, speed 1, shaggy fur 1, slow metabolism 1, sharp paws
a: no special abilities


You were on level 3 of the Dungeon.
You were very full.

You visited 1 branch of the dungeon, and saw 3 of its levels.

You collected 152 gold pieces.

Inventory:

Missiles
 a - 68 arrows
Scrolls
 d - a scroll of remove curse {unknown}
 e - 7 scrolls of identify {unknown}
 h - a scroll of enchant armour {unknown}
 j - a scroll of teleportation {unknown}
 k - a scroll of amnesia {unknown}
Potions
 b - a potion of invisibility {unknown}
 f - a potion of magic {unknown}
 g - a potion of curing {unknown}
 i - a potion of degeneration {unknown}
Comestibles
 c - a ration


   Skills:
 + Level 1.5 Fighting
 + Level 3.3 Dodging
 + Level 2.1 Stealth
 + Level 3.3 Unarmed Combat
 + Level 2.4 Spellcasting
 + Level 2.7 Transmutations
 + Level 0.3 Poison Magic


You had 2 spell levels left.
You knew the following spells:

 Your Spells              Type           Power        Failure   Level  Hunger
a - Beastly Appendage     Tmut           #.....       8%          1    #......
s - Spider Form           Tmut/Pois      #.........   36%         3    ###....

Your spell library contained the following spells:

 Spells                   Type           Power        Failure   Level  Hunger
 Sticks to Snakes         Tmut           #.......     11%         2    ###....
 Ice Form                 Ice/Tmut       #.......     78%         4    #####..
 Blade Hands              Tmut           #.........   90%         5    ######.


Dungeon Overview and Level Annotations

Branches:
Dungeon (3/15)

Altars:

Annotations:
D:3 Sigmund


Innate Abilities, Weirdness & Mutations

You cannot wear armour.
You are incapable of wielding weapons or throwing items.
Your paws allow you to move quietly. (Stealth)
You have sharp claws.
You have razor-sharp teeth.
You have supernaturally acute eyesight. (SInv)
You are carnivorous and can eat meat at any time.
You cover ground quickly.
You are covered in fur. (AC +1)
You have a slow metabolism.
Your sharp claws are effective at attacking unaware monsters.


Message History

You hit the orc.
The orc is poisoned.
The orc is moderately wounded.
The orc misses you.
You hit the orc but do no damage.
The orc is severely wounded.
The orc barely misses you.
You hit the orc.
The orc looks as sick as possible!
The orc is almost dead.
You kill the orc!
You see here a +0 leather armour.
A rat comes into view.
Your transformation has ended.
Found a mace.
The orc priest shouts!
You now have 152 gold pieces (gained 16).
There are no items here.
The orc priest mumbles some strange prayers to Beogh against you.
Beogh smites you!
Ouch! That really hurt!
You die...

......# #####.######
#.##...## ###
#.#....<## #..
#........# #.#
#........###.##
#..#...........# .#
#####..#####.###.#.# .#
.# ........ .# #@#.##.#
..# .#########
####......# b..#. .#
.....
#.r....#######....# .#
...###.###.....$......#
.#
)r.#o#....>........##
.# #.#.#..$...........#
##
#.....###.######....#
#####.# #.# .#.
######### #o###.#


You could see an orc priest and a rat.

Vanquished Creatures
  An adder (D:2)
  2 worms
  A dart slug (D:1)
  3 leopard geckos (D:2)
  2 orcs (D:3)
  2 bats
  A giant cockroach (D:1)
  5 goblins
  8 hobgoblins
  7 kobolds
  2 quokkas (D:2)
  4 frilled lizards (D:1)
  6 rats
44 creatures vanquished.

Notes
Turn   | Place    | Note
-------+----------+-------------------------------------------
     0 | D:1      | Arixos the Felid Transmuter began the quest for the Orb.
     0 | D:1      | Reached XP level 1. HP: 9/9 MP: 4/4
   251 | D:1      | Reached XP level 2. HP: 12/12 MP: 4/6
   256 | D:1      | Reached skill level 1 in Stealth
  1429 | D:2      | Reached XP level 3. HP: 15/15 MP: 5/7
  1575 | D:2      | Learned a level 3 spell: Spider Form
  2481 | D:3      | Noticed Sigmund
  2736 | D:3      | Killed from afar by an orc priest

Levels and vault maps discovered:
D:1:      wander_arrival_lonely_grave, layout_basic, minmay_tromino_i4
D:2:      layout_loops_cross
D:3:      layout_loops_cross, uniq_sigmund, uniq_natasha

Skill      XL: |  1  2  3 |
---------------+----------+-----
Stealth        | 1 2 |  2.1
Dodging        | 3 |  3.3
Fighting       | |  1.5
Unarmed Combat | |  3.3
Spellcasting   | |  2.4
Transmutations | |  2.7
Poison Magic   | |  0.3

Action                   || total
-------------------------++-------
Melee: Unarmed           ||   121
       Bite              ||     6
       Headbutt          ||    10
       Punch             ||     1
 Cast: Beastly Appendage ||    15
       Spider Form       ||     7
 Stab: Sleeping          ||     7
  Eat: Chunk             ||    12
Armor: Skin              ||     8
Dodge: Dodged            ||    91

Table legend:
 A = Non-vault XP
 B = Vault XP
 C = Vault XP percentage of total XP
 D = Non-vault monster count
 E = Vault monster count
 F = Vault count percentage of total count
                 A         B        C        D         E       F
            +---------+---------+-------+---------+---------+-------
      Total |      93 |       3 |   3.1 |      41 |       3 |   6.8
            +---------+---------+-------+---------+---------+-------
        D:1 |      34 |       3 |   8.1 |      19 |       3 |  13.6
        D:2 |      47 |       0 |   0.0 |      18 |       0 |   0.0
        D:3 |      12 |       0 |   0.0 |       4 |       0 |   0.0
            +---------+---------+-------+---------+---------+-------
